 Dungeon Crawl Stone Soup version 0.31.0-12-g77e489cdc1 (webtiles) character file.

Game seed: 2744284662201629168

16892 KennySheep the Severer (level 12, -4/107 HPs)
             Began as a Hill Orc Monk on Mar 3, 2024.
             Was the Champion of Nemelex Xobeh.
             Incinerated by a deep elf pyromancer (12 damage)
             ... with a pyre arrow
             ... on level 13 of the Dungeon.
             The game lasted 00:30:46 (13220 turns).

KennySheep the Severer (Hill Orc Monk)             Turns: 13220, Time: 00:30:47

Health: -4/107     AC: 19    Str: 18    XL:     12   Next: 42%
Magic:  23/23      EV: 22    Int: 14    God:    Nemelex Xobeh [******]
Gold:   412        SH:  0    Dex: 15    Spells: 11/11 levels left

rFire   . . .        z - +0 war axe
rCold   . . .        d - orb {light}
rNeg    . . .        F - +0 plate armour
rPois   .            (helmet restricted)
rElec   +            H - -1 cloak of Dishonour {rElec Dex+3}
rCorr   .            v - +0 pair of gloves
SInv    .            I - +0 pair of boots
Will    .....        o - amulet of the acrobat Stlth
                     (no ring)
HPRegen 0.37/turn    (no ring)
MPRegen 0.18/turn

%: acrobat
@: on fire, acrobatic, glowing
A: beak, iridescent scales 1, clever 1, inhibited regeneration
a: Renounce Religion, Draw Escape, Draw Destruction, Draw Summoning, Triple
Draw, Deal Four, Stack Five


You were on level 13 of the Dungeon.
You worshipped Nemelex Xobeh.
Nemelex Xobeh was exalted by your worship.
You visited 1 branch of the dungeon, and saw 12 of its levels.

You collected 728 gold pieces.
You spent 316 gold pieces at shops.

Inventory:

Hand Weapons
 a - a +0 hand axe
 z - a +0 war axe (weapon)
Missiles
 G - a throwing net
Armour
 d - an orb of light (worn)
 r - a +0 helmet
 v - a +0 pair of gloves (worn)
 F - a +0 plate armour (worn)
 H - the -1 cloak of Dishonour (worn) {rElec Dex+3}
   (You bought it in a shop on level 9 of the Dungeon)

   Dex+3:     It affects your dexterity (+3).
   rElec:     It insulates you from electricity.
 I - a +0 pair of boots (worn)
Jewellery
 o - an amulet of the acrobat (around neck)
 s - a ring of willpower
Wands
 b - a wand of iceblast (5)
 A - a wand of charming (14)
 D - a wand of polymorph (9)
Scrolls
 f - 2 scrolls of revelation
 g - 7 scrolls of teleportation
 k - 4 scrolls of noise
 m - 2 scrolls of poison
 n - 2 scrolls of immolation
 p - 5 scrolls of blinking
 t - a scroll of amnesia
 w - a scroll of vulnerability
 y - a scroll of fog
 B - a scroll of identify
Potions
 c - 3 potions of ambrosia
 e - 2 potions of might
 h - a potion of invisibility
 i - a potion of enlightenment
 j - 2 potions of brilliance
 l - 3 potions of lignification
 q - a potion of berserk rage
 u - 4 potions of haste
 x - a potion of mutation
 C - a potion of attraction
 E - a potion of heal wounds {unknown}


   Skills:
 + Level 10.4 Fighting
 * Level 15.5 Axes
 + Level 8.6 Armour
 - Level 2.7 Dodging
 * Level 14.8 Invocations


You had 11 spell levels left.
You didn't know any spells.
Your spell library contained the following spells:

 Spells                   Type           Power      Damage    Failure   Level
 Lesser Beckoning         Tloc           0%         N/A       100%        2
 Mercury Vapours          Alch/Air       0%         N/A       100%        2
 Gell's Gravitas          Tloc           0%         N/A       100%        3
 Mephitic Cloud           Conj/Alch/Air  0%         N/A       100%        3
 Teleport Other           Tloc           0%         N/A       100%        3
 Tukima's Dance           Hex            0%         N/A       100%        3
 Dimensional Bullseye     Hex/Tloc       0%         N/A       100%        4
 Iskenderun's Mystic Bla  Conj/Tloc      0%         2d3       100%        4
 Freezing Cloud           Conj/Ice/Air   0%         6-21      100%        5
 Dispersal                Tloc           0%         N/A       100%        6


Dungeon Overview and Level Annotations

Branches:
Dungeon (13/15)              Lair (0/5) D:10            Orc (0/2) D:11
 Temple: D:4-7       Vaults: D:13-14

Altars:
Cheibriados
Nemelex Xobeh
Okawaru
Trog
Uskayaw
Wu Jian
Xom
Yredelemnul
Zin

Shops:
D:5 *   D:9 *   D:11 =

Annotations:
D:3 1 runed translucent door, lordive's ghost, weakling MiHu


Innate Abilities, Weirdness & Mutations

You have a beak for a mouth.
You are partially covered in iridescent scales. (AC +2)
Your mind is acute. (Int +4, Str/Dex -1)
You do not regenerate when monsters are visible.


Message History

The brown ugly thing trunk-slaps you but does no damage.
You slash the brown ugly thing!
The brown ugly thing is heavily wounded.
You hit the brown ugly thing. Your peck misses the brown ugly thing.
The brown ugly thing is heavily wounded.
You slash the deep elf pyromancer! The brown ugly thing trunk-slaps you.
You are splashed with acid!
The deep elf pyromancer gestures at you while chanting.
The pyre arrow hits you.
You are covered in intense liquid fire!
You slice the brown ugly thing!!
The brown ugly thing is almost dead.
You closely miss the deep elf pyromancer.
The liquid fire burns you!
The brown ugly thing trunk-slaps you but does no damage.
The deep elf pyromancer hits you with a +0 rapier.
You slash the brown ugly thing!
You kill the brown ugly thing!
You hit the deep elf pyromancer. The liquid fire burns you!
You slash the deep elf pyromancer!
The deep elf pyromancer is severely wounded.
The liquid fire burns you!
* * * LOW HITPOINT WARNING * * *
The deep elf pyromancer barely misses you.
You slice the deep elf pyromancer!!
You kill the deep elf pyromancer!
The liquid fire burns you!
* * * LOW HITPOINT WARNING * * *
No target in view!
You are on fire!
You are on fire!
You are on fire!
The liquid fire burns you!
* * * LOW HITPOINT WARNING * * *
The liquid fire burns you!
* * * LOW HITPOINT WARNING * * *
The liquid fire burns you!
You die...
Your body glows with a rainbow of weird colours and disappears.

...#.......#
...#.....>.# #...#
...#.......# ..#...#
...#.......##..#...#
.......##..##..#...#
.......##..##..#...#
.......##..##..#...#
.......##......#†..#
.......##......#@).#
.......##......#...###.
.......##...............
.......##.....###.......
.......##..)..# .......
.......##.....# ..:....
.......##.....# .......
.......##.....# .......
.......##.....#
............#


There were no monsters in sight!

Vanquished Creatures
  Josephine (D:12)
  A centaur warrior (D:13)
  A boulder beetle (D:11)
  A two-headed ogre (D:10)
  A deep elf pyromancer (D:13)
  2 ugly things
  A manticore (D:11)
  3 meliai (D:9)
  3 cyclopes
  A rust devil (D:11)
  An orange demon (D:11)
  A gargoyle (D:13)
  A hornet (D:7)
  A troll (D:10)
  2 vampires
  A basilisk (D:12)
  5 wraiths (D:12)
  4 wyverns
  13 yaks
  A human (shapeshifter) (D:10)
  Grum (D:8)
  A steam dragon (D:8)
  4 vampire mosquitoes (D:11)
  2 neqoxecs (D:11)
  A chaos spawn (D:11)
  An acid dragon (D:10)
  Duvessa (D:5)
  A water moccasin (D:10)
  A sky beast (D:8)
  A swamp drake (D:11)
  3 black bears
  2 orc warriors (D:11)
  3 wolves (D:8)
  4 centaurs
  A phantom (D:7)
  4 kobold brigands
  A bullfrog (D:7)
  A necrophage (D:4)
  2 water moccasin zombies (D:4)
  7 wights
  Dowan (D:5)
  2 howler monkeys (D:7)
  3 bombardier beetles
  A jelly (D:7)
  3 hounds
  A gnoll bouda (D:5)
  3 orc priests
  A human zombie (D:4)
  A scorpion zombie (D:4)
  2 iguanas
  5 orc wizards
  3 hound zombies (D:4)
  A mummy (D:4)
  Robin (D:3)
  7 gnolls
  8 adders
  A river rat (D:8)
  A shadow imp (D:7)
  A white imp (D:8)
  A ribbon worm (D:3)
  3 dart slugs
  32 orcs
  13 endoplasms
  2 giant cockroaches (D:7)
  14 goblins
  5 hobgoblins
  4 jackals
  21 kobolds
  8 quokkas
  13 ball pythons
  7 bats
  9 frilled lizards
  A quokka zombie (D:4)
  7 rats
273 creatures vanquished.

Vanquished Creatures (collateral kills)
  Snorg (D:11)
  A rust devil (D:11)
  A chaos spawn (D:11)
3 creatures vanquished.

Vanquished Creatures (others)
  5 dream sheep (D:5)
5 creatures vanquished.

Grand Total: 281 creatures vanquished

Notes
Turn   | Place    | Note
-------+----------+-------------------------------------------
     0 | D:1      | KennySheep the Hill Orc Monk began the quest for the Orb.
     0 | D:1      | Reached XP level 1. HP: 19/19 MP: 1/1
    37 | D:1      | Reached XP level 2. HP: 15/27 MP: 2/2
   195 | D:1      | Found a faded altar of an unknown god.
   212 | D:1      | Prayed at the altar of an unknown god.
   212 | D:1      | Became a worshipper of Nemelex Xobeh the Trickster
   212 | D:1      | Reached * piety under Nemelex Xobeh
   212 | D:1      | Received a gift from Nemelex Xobeh
   212 | D:1      | Reached ** piety under Nemelex Xobeh
   212 | D:1      | Received a gift from Nemelex Xobeh
   316 | D:1      | Reached XP level 3. HP: 25/33 MP: 3/3
   437 | D:1      | Reached *** piety under Nemelex Xobeh
   849 | D:2      | Reached skill level 1 in Invocations
  1020 | D:2      | Reached skill level 5 in Axes
  1020 | D:2      | Reached XP level 4. HP: 21/40 MP: 3/5
  1431 | D:2      | Received a gift from Nemelex Xobeh
  1774 | D:3      | Reached skill level 1 in Armour
  1965 | D:3      | Found a bloodstained altar of Trog.
  2096 | D:3      | Reached XP level 5. HP: 27/47 MP: 5/7
  2248 | D:3      | Noticed Robin
  2257 | D:3      | Killed Robin
  2345 | D:3      | Received a gift from Nemelex Xobeh
  2346 | D:3      | Found a runed translucent door.
  2373 | D:3      | Noticed lordive's ghost (weakling MiHu)
  2968 | D:4      | Received a gift from Nemelex Xobeh
  2982 | D:4      | Reached **** piety under Nemelex Xobeh
  2986 | D:4      | Found a glowing silver altar of Zin.
  3167 | D:4      | Found a hide-covered altar of Uskayaw.
  3257 | D:4      | Reached skill level 6 in Axes
  3257 | D:4      | Reached XP level 6. HP: 26/52 MP: 8/8
  3517 | D:4      | HP: 2/51 [wight/+5 long sword (2)]
  3519 | D:4      | Reached skill level 5 in Fighting
  3738 | D:4      | Reached XP level 7. HP: 55/61 MP: 10/10
  3771 | D:4      | Reached skill level 7 in Axes
  3871 | D:4      | Reached skill level 5 in Invocations
  3875 | D:4      | Found a basalt altar of Yredelemnul.
  4214 | D:4      | Received a gift from Nemelex Xobeh
  4418 | D:5      | Entered Level 5 of the Dungeon
  4445 | D:5      | Found Umeygol's Gadget Gallery.
  4913 | D:5      | Found a snail-covered altar of Cheibriados.
  4946 | D:5      | Noticed Duvessa
  4946 | D:5      | Noticed Dowan
  4949 | D:5      | Killed Dowan
  4951 | D:5      | Killed Duvessa
  4952 | D:5      | Reached XP level 8. HP: 69/69 MP: 12/12
  5064 | D:5      | Received a gift from Nemelex Xobeh
  5076 | D:5      | Reached skill level 8 in Axes
  5261 | D:5      | Noticed a dream sheep
  5261 | D:5      | Noticed a dream sheep
  5261 | D:5      | Noticed a dream sheep
  5261 | D:5      | Noticed a dream sheep
  5261 | D:5      | Noticed a dream sheep
  5261 | D:5      | Found a shimmering altar of Xom.
  5263 | D:5      | Killed a dream sheep
  5263 | D:5      | Killed a dream sheep
  5263 | D:5      | Killed a dream sheep
  5263 | D:5      | Killed a dream sheep
  5263 | D:5      | Killed a dream sheep
  5308 | D:5      | You fall into a shaft and drop 2 floors!
  5312 | D:7      | Noticed Maurice
  5317 | D:7      | Maurice stole a +0 hand axe
  5320 | D:7      | Maurice stole 219 gold
  5323 | D:7      | Maurice changed into Maurice the quokka
  5323 | D:7      | Noticed Maurice
  5324 | D:7      | Killed Maurice the quokka
  5400 | D:7      | Received a gift from Nemelex Xobeh
  5472 | D:7      | Noticed a hornet
  5474 | D:7      | a hornet changed into an endoplasm
  5495 | D:7      | Noticed a hornet
  5503 | D:7      | Killed a hornet
  5508 | D:7      | Reached skill level 9 in Axes
  5712 | D:7      | Found an ornate altar of the Wu Jian Council.
  5821 | D:7      | Received a gift from Nemelex Xobeh
  6184 | D:8      | Reached XP level 9. HP: 20/78 MP: 15/15
  6475 | D:8      | Reached skill level 10 in Axes
  6690 | D:8      | Reached ***** piety under Nemelex Xobeh
  6718 | D:8      | Noticed Jeremiah
  6747 | D:8      | Jeremiah changed into Jeremiah the steam dragon
  6747 | D:8      | Noticed Jeremiah
  6756 | D:8      | Killed Jeremiah the steam dragon
  6802 | D:8      | Noticed Grum
  6806 | D:8      | Reached skill level 5 in Armour
  6812 | D:8      | Killed Grum
  7152 | D:8      | Reached skill level 11 in Axes
  7504 | D:9      | Reached skill level 10 in Invocations
  7603 | D:9      | Reached XP level 10. HP: 69/88 MP: 17/17
  7882 | D:9      | Noticed a meliai
  7882 | D:9      | Noticed a meliai
  7889 | D:9      | Killed a meliai
  7893 | D:9      | Killed a meliai
  7894 | D:9      | Reached skill level 12 in Axes
  7894 | D:9      | Noticed a meliai
  7901 | D:9      | Killed a meliai
  8040 | D:9      | Found Hahu Ylo's Neck Hole.
  8099 | D:9      | Bought the -1 cloak of Dishonour {rElec Dex+3} for 316 gold
                  | pieces
  8368 | D:9      | Received a gift from Nemelex Xobeh
  8613 | D:9      | Found an iron altar of Okawaru.
  8695 | D:10     | Entered Level 10 of the Dungeon
  9182 | D:10     | a shapeshifter changed into a lindwurm
  9182 | D:10     | Noticed a lindwurm (shapeshifter)
  9184 | D:10     | a lindwurm changed into a queen bee
  9192 | D:10     | Found a staircase to the Lair.
  9216 | D:10     | Reached skill level 13 in Axes
  9216 | D:10     | Reached XP level 11. HP: 67/95 MP: 20/20
  9618 | D:10     | Noticed a two-headed ogre
  9627 | D:10     | Killed a two-headed ogre
  9917 | D:11     | Noticed a boulder beetle
  9921 | D:11     | Killed a boulder beetle
  9974 | D:11     | Received a gift from Nemelex Xobeh
 10042 | D:11     | Noticed a purple ugly thing
 10064 | D:11     | Killed a purple ugly thing
 10449 | D:11     | Noticed Snorg
 10458 | D:11     | Killed Snorg
 10460 | D:11     | Reached skill level 14 in Axes
 10672 | D:11     | Found Rythryto's Jewellery Boutique.
 10685 | D:11     | Noticed a manticore
 10703 | D:11     | Killed a manticore
 11065 | D:11     | Received a gift from Nemelex Xobeh
 11082 | D:11     | Gained mutation: Your magical capacity is low. (-10% MP) [a
                  | neqoxec]
 11084 | D:11     | Gained mutation: Your health recovers twice as slowly from
                  | being drained. [a neqoxec]
 11090 | D:11     | Lost mutation: Your magical capacity is low. (-10% MP)
                  | [potion of mutation]
 11090 | D:11     | Lost mutation: Your health recovers twice as slowly from
                  | being drained. [potion of mutation]
 11090 | D:11     | Gained mutation: You have a beak for a mouth. [potion of
                  | mutation]
 11090 | D:11     | Gained mutation: Your system is resistant to poisons.
                  | (rPois) [potion of mutation]
 11090 | D:11     | Gained mutation: You are partially covered in iridescent
                  | scales. (AC +2) [potion of mutation]
 11181 | D:11     | Gained mutation: You are occasionally teleported next to
                  | monsters. [a neqoxec]
 11182 | D:11     | Gained mutation: You do not regenerate when monsters are
                  | visible. [a neqoxec]
 11953 | D:11     | Found a staircase to the Orcish Mines.
 12024 | D:12     | Noticed Josephine
 12036 | D:12     | Killed Josephine
 12037 | D:12     | Reached skill level 10 in Fighting
 12037 | D:12     | Reached XP level 12. HP: 67/106 MP: 22/22
 12046 | D:12     | Reached skill level 15 in Axes
 12048 | D:12     | Noticed a two-headed ogre
 12363 | D:11     | Lost mutation: Your system is resistant to poisons. (rPois)
                  | [potion of mutation]
 12363 | D:11     | Lost mutation: You are occasionally teleported next to
                  | monsters. [potion of mutation]
 12363 | D:11     | Gained mutation: Your body sometimes deteriorates upon
                  | taking damage. [potion of mutation]
 12363 | D:11     | Lost mutation: Your body sometimes deteriorates upon taking
                  | damage. [potion of mutation]
 12363 | D:11     | Gained mutation: Your mind is acute. (Int +4, Str/Dex -1)
                  | [potion of mutation]
 12450 | D:12     | Received a gift from Nemelex Xobeh
 12486 | D:12     | Reached ****** piety under Nemelex Xobeh
 12776 | D:13     | Received a gift from Nemelex Xobeh
 12803 | D:13     | Noticed a centaur warrior
 12814 | D:13     | Killed a centaur warrior
 13220 | D:13     | Incinerated by a deep elf pyromancer

Illustrated notes

Levels and vault maps discovered:
D:1:      evilmike_arrival_rings, layout_rooms,
          nicolae_ecumenical_snake_handling, minmay_cut_off
D:2:      layout_loops_cross
D:3:      layout_loops_corners, lemuel_tele_altar,
          ebering_ghost_reflecting_pool, uniq_robin
D:4:      layout_loops_cross, lemuel_coloured_pillars_altar,
          lemuel_mausoleum_altar_yredelemnul, lemuel_round_altar
D:5:      layout_basic, kb_xom_exploding_sheep, lemuel_round_altar,
          minmay_misc_feat_iff, nicolae_shop_gadgets, uniq_duvessa
D:7:      layout_cave_pools, mainiacjoe_overflow_concentric_impassable,
          hex_medium, uniq_maurice
D:8:      layout_loops_ring, uniq_jeremiah, uniq_grum
D:9:      layout_basic, mainiacjoe_overflow_six_doors_small,
          nicolae_shop_sticking_my_neck_out
D:10:     layout_long_grid, minmay_lair_entry_grove,
          nicolae_concentric_dashed_squares_mild
D:11:     layout_roguey, erik_orc_1, serial_shops, shop,
          minmay_gold_behind_fungi, nicolae_neqoxec_dot_bat, uniq_snorg
D:12:     layout_rooms, roderic_roman_lattice, uniq_josephine, uniq_nergalle
D:13:     layout_long_grid, david_vaults_1

Skill      XL: |  1  2  3  4  5  6  7  8  9 10 11 12 |
---------------+-------------------------------------+-----
Fighting       | 4 5 6 7 8 10 | 10.4
Invocations    | 1 2 3 4 6 8 10 12 14 | 14.8
Axes           | 5 6 7 9 11 13 14 15 | 15.5
Armour         | 1 2 3 4 5 6 8 |  8.6
Dodging        | |  2.7

Action                     |  1- 3 |  4- 6 |  7- 9 | 10-12 || total
---------------------------+-------+-------+-------+-------++-------
  Melee: Hand axe          |    92 |   163 |   106 |       ||   361
         War axe           |       |       |   224 |   427 ||   651
         Peck              |       |       |       |    51 ||    51
 Invoke: Draw Destruction  |       |     1 |    30 |    28 ||    59
         Draw Summoning    |       |       |       |     2 ||     2
    Use: Scroll            |       |     5 |     2 |     7 ||    14
         Potion            |       |     3 |       |     6 ||     9
 Armour: Robe              |    59 |    79 |    22 |       ||   160
         Leather armour    |       |       |    67 |       ||    67
         Plate armour      |       |       |   203 |   365 ||   568
  Dodge: Dodged            |    70 |    98 |   157 |   169 ||   494
